 Dungeon Crawl Stone Soup version 0.17.0-23-g0de4337 (webtiles) character file.

4841 TruthSerum the Grappler (level 10, 0/102 HPs)
             Began as a Troll Monk on Nov 15, 2015.
             Was a Priest of Okawaru.
             Slain by a troll (18 damage)
             ... on level 10 of the Dungeon.
             The game lasted 00:28:10 (6532 turns).

TruthSerum the Grappler (Troll Monk)                Turns: 6532, Time: 00:28:10

Health: 0/102      AC: 12    Str: 21    XL:     10   Next: 25%
Magic:  11/11      EV: 15    Int:  6    God:    Okawaru [***...]
Gold:   390        SH:  0    Dex: 17    Spells: 0 memorised, 9 levels left

rFire  . . .     SeeInvis .       - Unarmed
rCold  . . .     Clarity  +     a - +2 robe
rNeg   . . .     SustAt   .     (no shield)
rPois  .         Gourm    +     (helmet restricted)
rElec  .         Spirit   .     n - +2 cloak
rCorr  .         Warding  .     (gloves unavailable)
rMut   .         Stasis   .     (boots unavailable)
MR     +....                    (no amulet)
Stlth  ++........               (no ring)
                                (no ring)

@: lethally poisoned (0 -> 0), somewhat resistant to hostile enchantments,
unstealthy
A: unfitting armour, claws 3, talons 1, thin metallic scales 1, agile 1, blink,
clarity, fast metabolism 3, gourmand, magic resistance 1, regeneration 2, shaggy
fur 1, tough skin 2
a: Blink, Heroism, Renounce Religion


You were on level 10 of the Dungeon.
You worshipped Okawaru.
Okawaru was most pleased with you.
You were very full.

You visited 2 branches of the dungeon, and saw 11 of its levels.

You collected 390 gold pieces.

Inventory:

Armour
 a - a +2 robe (worn)
 n - a +2 cloak (worn)
Scrolls
 e - 5 scrolls of remove curse
 i - 4 scrolls of recharging
 q - a scroll of noise
 v - a scroll of summoning {unknown}
Potions
 f - a potion of curing
 g - 3 potions of cure mutation
 h - a potion of flight
 j - 3 potions of agility
 o - a potion of brilliance {unknown}
 p - a potion of degeneration {unknown}
 s - a potion of experience {unknown}
 t - a potion of cancellation {unknown}
 z - 2 potions of might {unknown}
 B - a potion of ambrosia {unknown}
Comestibles
 b - 7 bread rations
 c - 8 fruits
 d - 5 meat rations
 m - 2 slices of pizza
 u - a royal jelly
 x - 2 beef jerkies


   Skills:
 + Level 7.3 Fighting
 + Level 7.4 Dodging
 - Level 1.1 Stealth
 + Level 9.5 Unarmed Combat
 + Level 3.8 Invocations


You had 9 spell levels left.
You didn't know any spells.

Dungeon Overview and Level Annotations

Branches:
Dungeon (11/15)            Temple (1/1) D:6            Lair (0/8) D:10
    Orc (0/4) D:10

Altars:
Ashenzari
Cheibriados
Dithmenos
Elyvilon
Fedhas
Gozag
Makhleb
Nemelex Xobeh
Okawaru
Qazlal
Ru
Sif Muna
Trog
Vehumet
Xom
Yredelemnul
Zin
The Shining One

Shops:
D:5 %


Innate Abilities, Weirdness & Mutations

You are too large for most types of armour.
You have claws for hands.
Your metabolism is lightning-fast.
You like to eat raw meat.
You heal very quickly.
You are covered in fur (AC +1).
You have very tough skin (AC +2).
You have sharp toenails.
You are partially covered in thin metallic scales (AC +2).
You are agile. (Dex +2)
You can translocate small distances at will.
You possess an exceptional clarity of mind.
You are resistant to hostile enchantments.


Message History

You are too injured to fight recklessly!
You are too injured to fight recklessly!
You are too injured to fight recklessly!
You scratch the gnoll.
The gnoll is lightly wounded.
The troll bites you!
* * * LOW HITPOINT WARNING * * *
The troll closely misses you. The troll misses you.
You feel much better.
You feel sick. The gnoll barely misses you. The troll barely misses you.
The troll claws you.
* * * LOW HITPOINT WARNING * * *
The troll claws you!
* * * LOW HITPOINT WARNING * * *
The gnoll hits you but does no damage.
Items here: )) †† a spear; a whip; a gnoll corpse; a gnoll corpse You mangle the troll!!
You claw the troll, but do no damage.
The troll is heavily wounded.
The gnoll hits you but does no damage. The troll bites you!!
You die...

. .## ..#
##### #.#
#8...8#.#
#....K#)#
#..>..)g#
#.....#T#
#8.og #@#
#######.#
#..##.(#
#.###.##
#.# #.#
###.# #.#
##...###.#
#.....##.#
#........#


You could see a troll, a big kobold and a gnoll.

Vanquished Creatures
  Pikel (D:4)
  The ghost of zarick13 the Archer, a novice HEHu (D:5)
  2 hippogriffs (D:7)
  A hungry ghost (D:8)
  Edmund (D:4)
  A sky beast (D:8)
  Duvessa (D:7)
  5 orc warriors
  A black bear (D:7)
  A slave (D:4)
  2 phantoms
  2 ice beasts
  A centaur (D:5)
  2 ogres
  3 big kobolds (D:10)
  Blork the orc (D:4)
  3 gnoll sergeants (D:10)
  Dowan (D:7)
  6 giant frogs
  3 scorpions
  2 electric eels (D:8)
  A centaur zombie (D:5)
  A crimson imp (D:8)
  An orc priest (D:8)
  4 jellies
  3 hounds
  A giant frog skeleton (D:7)
  2 iguanas
  5 orc wizards
  8 worker ants
  A killer bee zombie (D:6)
  A hound skeleton (D:7)
  6 gnolls
  8 adders
  2 shadow imps
  2 oozes
  An adder skeleton (D:7)
  3 worms
  9 giant geckos
  33 orcs
  7 bats
  2 giant cockroaches
  11 goblins
  10 hobgoblins
  10 jackals
  7 kobolds
  2 quokkas
  A giant cockroach zombie (D:5)
  A giant gecko skeleton (D:5)
  3 giant newts
  A jackal skeleton (D:4)
  A jackal zombie (D:5)
  A quokka zombie (D:7)
  6 rats
  A bush (D:1)
197 creatures vanquished.

Vanquished Creatures (others)
  An adder (D:4)
  An orc (D:4)
  2 ball pythons (D:4)
4 creatures vanquished.

Grand Total: 201 creatures vanquished

Notes
Turn   | Place    | Note
--------------------------------------------------------------
     0 | D:1      | TruthSerum the Troll Monk began the quest for the Orb.
     0 | D:1      | Reached XP level 1. HP: 22/22 MP: 0/0
   238 | D:1      | Reached XP level 2. HP: 29/29 MP: 1/1
  1041 | D:2      | Found a basalt altar of Yredelemnul.
  1050 | D:2      | Reached XP level 3. HP: 36/36 MP: 2/2
  1687 | D:3      | Reached XP level 4. HP: 40/45 MP: 3/3
  1933 | D:3      | Reached skill level 5 in Unarmed Combat
  1933 | D:3      | Reached XP level 5. HP: 53/53 MP: 4/4
  2068 | D:3      | Found a radiant altar of Vehumet.
  2399 | D:4      | Noticed Edmund
  2417 | D:4      | Killed Edmund
  2417 | D:4      | Reached XP level 6. HP: 29/62 MP: 5/5
  2443 | D:4      | Noticed a phantom
  2467 | D:4      | Killed a phantom
  2479 | D:4      | Noticed Pikel
  2479 | D:4      | Noticed a slave
  2479 | D:4      | Noticed a slave
  2480 | D:4      | Noticed Blork the orc
  2480 | D:4      | Noticed a slave
  2480 | D:4      | Noticed a slave
  2542 | D:4      | Killed Blork the orc
  2546 | D:4      | Killed a slave
  2564 | D:4      | Killed Pikel
  2564 | D:4      | Reached skill level 6 in Unarmed Combat
  2564 | D:4      | Reached XP level 7. HP: 8/71 MP: 6/6
  2790 | D:4      | Reached skill level 5 in Fighting
  2864 | D:4      | Reached skill level 5 in Dodging
  2864 | D:4      | Reached XP level 8. HP: 77/80 MP: 7/7
  3120 | D:5      | Entered Level 5 of the Dungeon
  3173 | D:5      | Reached skill level 7 in Unarmed Combat
  3445 | D:5      | Noticed zarick13's ghost (novice HEHu)
  3465 | D:5      | Killed zarick13's ghost
  3901 | D:5      | Found Esmi's Food Boutique.
  4223 | D:6      | Reached skill level 8 in Unarmed Combat
  4242 | D:6      | Found a staircase to the Ecumenical Temple.
  4253 | Temple   | Entered the Ecumenical Temple
  4269 | Temple   | Became a worshipper of Warmaster Okawaru
  4269 | Temple   | Reached * piety under Okawaru
  4269 | Temple   | Reached ** piety under Okawaru
  4401 | D:6      | Reached XP level 9. HP: 75/89 MP: 8/8
  4887 | D:7      | Reached skill level 1 in Invocations
  5083 | D:7      | Noticed Duvessa
  5084 | D:7      | Noticed Dowan
  5088 | D:7      | Killed Duvessa
  5091 | D:7      | Killed Dowan
  5254 | D:7      | Gained mutation: You possess an exceptional clarity of mind. [potion of beneficial mutation]
  5255 | D:7      | Gained mutation: You are resistant to hostile enchantments. [potion of beneficial mutation]
  5465 | D:8      | Reached *** piety under Okawaru
  5465 | D:8      | Reached skill level 9 in Unarmed Combat
  6009 | D:8      | Reached XP level 10. HP: 64/102 MP: 11/11
  6129 | D:8      | Gained mutation: You are partially covered in thin metallic scales (AC +2). [mutagenic meat]
  6130 | D:8      | Gained mutation: You can translocate small distances at will. [mutagenic meat]
  6131 | D:8      | Gained mutation: You have sharp toenails. [mutagenic meat]
  6132 | D:8      | Gained mutation: You are agile. (Dex +2) [mutagenic meat]
  6174 | D:8      | Found a deep blue altar of Sif Muna.
  6183 | D:8      | Found a glowing golden altar of the Shining One.
  6383 | D:8      | You fall through a shaft for 3 floors!
  6416 | D:10     | Entered Level 10 of the Dungeon
  6420 | D:10     | Found a staircase to the Lair.
  6450 | D:10     | Found a staircase to the Orcish Mines.
  6500 | D:10     | HP: 4/102 [gnoll sergeant/spear of venom (10)]
  6532 | D:10     | Slain by a troll

Action                   |  1- 3 |  4- 6 |  7- 9 | 10-12 || total
-------------------------+-------+-------+-------+-------++-------
Melee: Unarmed           |   141 |   107 |   315 |    72 ||   635
Invok: Heroism           |       |       |     2 |     1 ||     3
  Use: Scroll            |       |     4 |    11 |       ||    15
       Potion            |       |       |     2 |     6 ||     8
 Stab: Sleeping          |     3 |     1 |     5 |       ||     9
       Distracted        |       |       |     1 |       ||     1
  Eat: Chunk             |    21 |     7 |    40 |     9 ||    77
